 Dungeon Crawl Stone Soup version 0.30-a0-50-gb2d611f6b1 (webtiles) character file.

Game seed: 14035195876505332595

62 Destapler the Trooper (level 4, -2/49 HPs)
             Began as an Ogre Berserker on Sept 3, 2022.
             Was a Follower of Trog.
             Engulfed by a smoke demon's steam (7 damage)
             ... on level 2 of the Abyss.
             The game lasted 00:02:32 (1685 turns).

Destapler the Trooper (Ogre Berserker)              Turns: 1685, Time: 00:02:32

Health: -2/49      AC:  4    Str: 23    XL:     4   Next: 8%
Magic:  4/4        EV: 10    Int:  8    God:    Trog [*.....]
Gold:   63         SH:  0    Dex:  8    Spells: 3/3 levels left

rFire   . . .      SeeInvis .    a - +0 hand axe
rCold   . . .      Faith    .    (no shield)
rNeg    . . .      Spirit   .    n - +1 robe {Will+}
rPois   .          Reflect  .    (helmet restricted)
rElec   .          Harm     .    (no cloak)
rCorr   .          Rampage  .    (gloves unavailable)
Will    +....                    (boots unavailable)
Stlth   +.........               (no amulet)
HPRegen 0.16/turn                (no ring)
MPRegen 0.09/turn                (no ring)

@: no status effects
A: large, unfitting armour, tough skin 1
a: Renounce Religion, Berserk


You were on level 2 of the Abyss.
You worshipped Trog.
Trog was aware of your devotion.
You visited 1 branch of the dungeon, and saw 2 of its levels.
You visited the Abyss 1 time.

You collected 63 gold pieces.

Inventory:

Hand Weapons
 a - a +0 hand axe (weapon)
Missiles
 l - a throwing net (quivered)
Armour
 b - a +0 animal skin
 n - a +1 robe of willpower (worn)
Scrolls
 c - a scroll of silence {unknown}
 e - a scroll of noise {unknown}
 f - a scroll of enchant armour {unknown}
 g - 5 scrolls of identify {unknown}
 h - 2 scrolls of enchant weapon {unknown}
 j - 2 scrolls of poison {unknown}
 m - a scroll of butterflies {unknown}
 o - a scroll of teleportation {unknown}
Potions
 d - a potion of berserk rage {unknown}
 i - 2 potions of invisibility {unknown}
 k - a potion of mutation {unknown}


   Skills:
 + Level 4.9 Fighting
 + Level 3.7 Axes
 + Level 3.3 Dodging


You had 3 spell levels left.
You didn't know any spells.
Your spell library contained the following spells:

 Spells                   Type           Power      Damage    Failure   Level
 Ensorcelled Hibernation  Hex/Ice        0%         N/A       54%         2
 Passwall                 Tmut/Erth      0%         N/A       54%         2
 Swiftness                Air            0%         N/A       78%         3


Dungeon Overview and Level Annotations

Branches:
Dungeon (2/15)

Altars:

Shops:
D:1 [

Annotations:
D:2 Crazy Yiuf, Natasha


Innate Abilities, Weirdness & Mutations

You are too large for most types of armour.
You have tough skin. (AC +1)


Message History

An anaconda skeleton comes into view.
The smoke demon gestures at you. The sticky flame misses you.
Throw: 2 throwing nets
Press: ? - help, Q - select action Shift-Dir - straight line, f - smoke demon
Aim: a smoke demon (60% to hit, immune to nets)
You throw a throwing net. The throwing net hits the smoke demon.
The net passes right through the smoke demon!
The smoke demon hits you but does no damage.
The smoke demon barely misses you. The smoke demon completely misses you.
The smoke demon gestures at you. The sticky flame hits you.
You are covered in liquid flames!
You are covered in liquid flames!
You are covered in liquid flames!
You start resting.
A smoke demon is nearby!
The smoke demon gestures at you. The ball of steam hits you!
* * * LOW HITPOINT WARNING * * *
You are engulfed in a cloud of scalding steam.
* * * LOW HITPOINT WARNING * * *
The smoke demon completely misses you.
The smoke demon hits you but does no damage.
The smoke demon hits you.
* * * LOW HITPOINT WARNING * * *
You hit the smoke demon.
The smoke demon is lightly wounded.
You hit the anaconda skeleton.
You are engulfed in a cloud of scalding steam.
* * * LOW HITPOINT WARNING * * *
The anaconda skeleton completely misses you.
The anaconda skeleton bites you but does no damage.
The smoke demon closely misses you. x2; The smoke demon hits you.
* * * LOW HITPOINT WARNING * * *
You hit the smoke demon.
The smoke demon is lightly wounded.
You hit the anaconda skeleton.
You are engulfed in a cloud of scalding steam.
You die...

# # ..# . .
.. .... . .
.#...#§#
#......#
.....§
###.#.##
#### #.
#.#..#.#.##
#.# #
#..##§# #..
#(##Z@§#
##....#
###3#
#.#.#..##
.##
##.#....#.#
#.#......#
# ##. ..
.#.. ##.##
... .. .#
.... .##..
# #...
.##....##
..


You could see a smoke demon and an anaconda skeleton.

Vanquished Creatures
  Natasha (D:2)
  2 adders (D:2)
  2 bats (D:2)
  4 endoplasms
  2 giant cockroaches (D:1)
  A hobgoblin (D:2)
  3 kobolds
  A quokka (D:2)
  A frilled lizard (D:2)
  2 rats
19 creatures vanquished.

Notes
Turn   | Place    | Note
-------+----------+-------------------------------------------
     0 | D:1      | Destapler the Ogre Berserker began the quest for the Orb.
     0 | D:1      | Reached XP level 1. HP: 24/24 MP: 1/1
   340 | D:1      | Found a faded altar of an unknown god.
   355 | D:1      | Found Ukhlotou's Armour Boutique.
   591 | D:1      | Reached XP level 2. HP: 32/32 MP: 2/2
   974 | D:2      | Reached XP level 3. HP: 40/40 MP: 3/3
  1292 | D:2      | Noticed Natasha
  1298 | D:2      | Killed Natasha
  1299 | D:2      | Reached XP level 4. HP: 24/49 MP: 4/4
  1431 | D:2      | Noticed Natasha
  1557 | D:2      | Found a runed translucent door.
  1558 | D:2      | Noticed Crazy Yiuf
  1567 | Abyss:1  | Cast into level 1 of the Abyss (Crazy Yiuf)
  1622 | Abyss:1  | Noticed a blink frog
  1626 | Abyss:1  | Noticed a blink frog
  1629 | Abyss:1  | Noticed a blink frog
  1631 | Abyss:2  | Found a corrupted altar of Lugonu.
  1668 | Abyss:2  | Noticed a smoke demon
  1672 | Abyss:2  | Noticed an anaconda skeleton
  1685 | Abyss:2  | Engulfed by a smoke demon's steam

Illustrated notes

Levels and vault maps discovered:
D:1:      minmay_arrival_open_corners, layout_basic,
          shapermc_ecumenical_altar_starsandcircs, serial_shops,
          nicolae_shop_stone
D:2:      layout_basic, nicolae_figureground_pulse, uniq_crazy_yiuf_cottage,
          uniq_natasha
Abyss:2:  base:
D:1

Skill      XL: |  1  2 |
---------------+-------+-----
Dodging        | 3 |  3.3
Fighting       | |  4.9
Axes           | |  3.7

Action                   |  1- 3 |  4- 6 || total
-------------------------+-------+-------++-------
Melee: Hand axe          |    58 |     7 ||    65
Throw: Throwing net      |       |     1 ||     1
Invok: Berserk           |     2 |     1 ||     3
Armor: Animal skin       |    21 |       ||    21
       Robe              |     1 |     3 ||     4
Dodge: Dodged            |    36 |    10 ||    46

Table legend: (Time is in decaauts)
 A = Elapsed time spent in this place.
 B = Non-inter-level travel time spent in this place.
 C = Inter-level travel time spent in this place.
 D = Time resting spent in this place.
 E = Time spent auto-exploring this place.
 F = Levels seen in this place.
 G = Mean time per level.
                   A        B        C        D        E       F      G
               +--------+--------+--------+--------+--------+-----+--------+
         Total |   1727 |   1690 |     37 |    266 |   1194 |   4 |  431.8 |
       Dungeon |   1595 |   1558 |     37 |    215 |   1142 |   2 |  797.5 |
         Abyss |    132 |    132 |      0 |     51 |     52 |   2 |   66.0 |
               +--------+--------+--------+--------+--------+-----+--------+

Top non-repeatable levels by time:
     D:2: 832 daAuts
     D:1: 763 daAuts
 Abyss:1: 78 daAuts
 Abyss:2: 53 daAuts
